 Dungeon Crawl Stone Soup version 0.29-a0-330-g52719c12eb (webtiles) character file.

Game seed: 4058708869978081687

212 kae the Firebug (level 5, -2/41 HPs)
             Began as a Demigod Fire Elementalist on Apr 21, 2022.
             Succumbed to a scorpion's poison
             ... on level 3 of the Dungeon.
             The game lasted 00:02:15 (4866 turns).

kae the Firebug (Demigod Fire Elementalist)         Turns: 4866, Time: 00:02:15

Health: -2/41      AC:  5    Str:  9    XL:     5   Next: 31%
Magic:  0/11       EV: 12    Int: 21    God:
Gold:   155        SH:  0    Dex: 14    Spells: 3/9 levels left

rFire   . . .      SeeInvis .   c - +1 dagger
rCold   . . .      Faith    .   (no shield)
rNeg    . . .      Spirit   .   a - +1 robe
rPois   .          Reflect  .   (no helmet)
rElec   .          Harm     .   q - +0 cloak
rCorr   .          Rampage  .   k - +0 pair of gloves
Will    .....                   (no boots)
Stlth   ++........              (no amulet)
HPRegen 0.13/turn               (no ring)
MPRegen 0.12/turn               (no ring)

@: lethally poisoned (-2 -> -16)
A: high MP 1, forlorn, divine attributes
a: no special abilities


You were on level 3 of the Dungeon.
You visited 1 branch of the dungeon, and saw 4 of its levels.

You collected 155 gold pieces.

Inventory:

Hand Weapons
 c - a +1 dagger (weapon)
Armour
 a - a +1 robe (worn)
 k - a +0 pair of gloves (worn)
 q - a +0 cloak (worn)
Scrolls
 g - a scroll of immolation
Potions
 b - a potion of magic
 d - a potion of heal wounds
 e - 2 potions of lignification
 f - a potion of degeneration
 h - 3 potions of attraction
 j - a potion of might {unknown}
 m - a potion of flight
 n - a potion of berserk rage {unknown}


   Skills:
 + Level 2.0 Fighting
 - Level 1.7 Dodging
 - Level 1.7 Stealth
 + Level 2.6 Spellcasting
 + Level 2.2 Conjurations
 * Level 4.1 Fire Magic


You had 3 spell levels left.
You knew the following spells:

 Your Spells              Type           Power      Damage    Failure   Level
a - Foxfire               Conj/Fire      64%        2x1d7     3%          1
b - Scorch                Fire           40%        2d7       3%          2
c - Conjure Flame         Conj/Fire      16%        6-21      11%         3

Your spell library contained the following spells:

 Spells                   Type           Power      Damage    Failure   Level
 Inner Flame              Hex/Fire       11%        N/A       17%         3
 Sublimation of Blood     Necr           2%         N/A       21%         2
 Flame Wave               Conj/Fire      16%        2d6       36%         4
 Petrify                  Tmut/Erth      2%         N/A       80%         4
 Irradiate                Conj/Tmut      3%         3d14      94%         5
 Summon Cactus Giant      Summ           1%         N/A       100%        6


Dungeon Overview and Level Annotations

Branches:
Dungeon (4/15)
 Temple: D:4-7


Innate Abilities, Weirdness & Mutations

You have an increased reservoir of magic. (+10% MP)
You shall have no god before yourself.
Your divine heritage dramatically boosts your attributes as you level up.


Message History

Casting: Scorch (safe; 3% risk of failure)
Confirm with . or Enter, or press ? or * to list all spells.
You don't have enough magic to cast this spell.
You hit the scorpion but do no damage.
The scorpion is severely wounded.
The scorpion stings you.
You hit the scorpion but do no damage.
The scorpion is severely wounded.
The scorpion stings you but does no damage.
Casting: Scorch (safe; 3% risk of failure)
Confirm with . or Enter, or press ? or * to list all spells.
You conjure some foxfire!
The scorpion stings you.
You are poisoned.
The scorpion poisons you!
You feel sick.
The foxfire hits the scorpion but does no damage.
The scorpion is severely wounded.
The foxfire hits the scorpion.
The scorpion is burned terribly!
The scorpion is almost dead.
The scorpion stings you. The scorpion stings you!
Your magical contamination has completely faded away.
You hit the scorpion but do no damage.
The scorpion is almost dead.
You feel sick. The scorpion barely misses you.
You hit the scorpion but do no damage.
The scorpion is almost dead.
You feel sick.
The scorpion is no longer more vulnerable to fire.
The scorpion stings you.
* * * LOW HITPOINT WARNING * * *
You are lethally poisoned!
The scorpion poisons you!
Casting: Foxfire (safe; 3% risk of failure)
Confirm with . or Enter, or press ? or * to list all spells.
You conjure some foxfire!
* * * LOW HITPOINT WARNING * * *
You feel very sick. The scorpion stings you.
* * * LOW HITPOINT WARNING * * *
You die...

#.# #.# #.....#.#.# #.#
#.# #######.#.# #)###.##
#####.#.#####
#.##...#####...........#
#..........#.###)#.###.#
######...###.#.#
#.#.###.##### #.......##
#.#.# #.#..........
##.#...######sv.#
#.#####.#####
#.............@##
#.#####......
###.#######.####v#
#....#######. #...# #.#
#.# ####.# #. #.#.# #.#
#.# #.# #. #.#.# #.# #.#
#.#######. #.#.# #.# #.#
#......... #...# #.# #.#
########...
###.#######.# #.#
#.......... #.........#
#.# #.######...


You could see a scorpion (ally target).

Vanquished Creatures
  A scorpion (D:3)
  A jelly (D:3)
  4 gnolls
  An adder (D:2)
  2 worms (D:2)
  3 dart slugs
  3 endoplasms
  5 giant cockroaches
  5 hobgoblins
  5 jackals
  5 quokkas
  5 ball pythons
  6 bats
  2 frilled lizards
  7 goblins
  3 kobolds
  4 rats
62 creatures vanquished.

Vanquished Creatures (others)
  202 foxfires
202 creatures vanquished.

Grand Total: 264 creatures vanquished

Notes
Turn   | Place    | Note
-------+----------+-------------------------------------------
     0 | D:1      | kae the Demigod Fire Elementalist began the quest for the
                  | Orb.
     0 | D:1      | Reached XP level 1. HP: 14/14 MP: 5/5
   170 | D:1      | Reached skill level 1 in Conjurations
   397 | D:1      | Reached XP level 2. HP: 22/22 MP: 4/7
   493 | D:1      | Reached skill level 3 in Fire Magic
   902 | D:1      | Learned a level 2 spell: Scorch
  1924 | D:2      | Reached XP level 3. HP: 27/27 MP: 6/8
  2046 | D:2      | Reached skill level 1 in Fighting
  3386 | D:3      | Reached XP level 4. HP: 35/35 MP: 5/10
  3884 | D:3      | Learned a level 3 spell: Conjure Flame
  4634 | D:3      | Reached skill level 4 in Fire Magic
  4634 | D:3      | Reached XP level 5. HP: 24/41 MP: 3/11
  4865 | D:3      | HP: 1/41 [scorpion (3)]
  4866 | D:3      | Succumbed to a scorpion's poison

Illustrated notes

Levels and vault maps discovered:
D:1:      sevenhm_arrival_forest_fort_large_3, layout_loops_corners,
          nrook_loot_triangle, hangedman_decor_push, minmay_misc_feat_roman,
          minmay_cut_off
D:2:      layout_basic, minmay_misc_feat_nine_boxes, mrwooster_statue_mirror,
          minmay_close_crescents
D:3:      layout_loops_ring, lemuel_tele_altar
D:4:      layout_loops_ring, okawaru_trees_1, minmay_fractal_squares_diagonal_5

Skill      XL: |  1  2  3  4 |
---------------+-------------+-----
Conjurations   | 1 2 |  2.2
Fire Magic     | 3 4 |  4.1
Spellcasting   | 2 |  2.6
Fighting       | 1 2 |  2.0
Dodging        | |  1.7
Stealth        | |  1.7

Action                   |  1- 3 |  4- 6 || total
-------------------------+-------+-------++-------
Melee: Dagger            |    12 |     4 ||    16
 Cast: Foxfire           |   102 |    24 ||   126
       Scorch            |     4 |    17 ||    21
  Use: Scroll            |     8 |     5 ||    13
Armor: Robe              |    13 |    10 ||    23
Dodge: Dodged            |    37 |    25 ||    62

Table legend: (Time is in decaauts)
 A = Elapsed time spent in this place.
 B = Non-inter-level travel time spent in this place.
 C = Inter-level travel time spent in this place.
 D = Time resting spent in this place.
 E = Time spent auto-exploring this place.
 F = Levels seen in this place.
 G = Mean time per level.
                   A        B        C        D        E       F      G
               +--------+--------+--------+--------+--------+-----+--------+
         Total |   4869 |   4603 |    266 |    325 |   3728 |   4 | 1217.2 |
       Dungeon |   4869 |   4603 |    266 |    325 |   3728 |   4 | 1217.2 |
               +--------+--------+--------+--------+--------+-----+--------+

Top non-repeatable levels by time:
     D:1: 1893 daAuts
     D:2: 1669 daAuts
     D:3: 1259 daAuts
     D:4: 46 daAuts
